 Dungeon Crawl Stone Soup version 0.22-a0-247-gbddf880 (webtiles) character file.

161 wolfsongas the Quickloader (level 5, -8/43 HPs)
             Began as a Gnoll Hunter on Feb 23, 2018.
             Was an Initiate of Gozag.
             Shot with an arrow by a centaur (12 damage)
             ... on level 5 of the Dungeon.
             The game lasted 00:03:29 (2347 turns).

wolfsongas the Quickloader (Gnoll Hunter)           Turns: 2347, Time: 00:03:29

Health: -8/43      AC:  5    Str: 15    XL:     5   Next: 42%
Magic:  7/7        EV: 16    Int: 13    God:    Gozag
Gold:   87         SH:  0    Dex: 16    Spells: 6/6 levels left

rFire    . . .     SeeInvis .   a - +1 hand crossbow
rCold    . . .     Gourm    .   (no shield)
rNeg     . . .     Faith    .   n - +0 ring mail
rPois    .         Spirit   .   (no helmet)
rElec    .         Reflect  .   (no cloak)
rCorr    .         Harm     .   (no gloves)
MR       .....                  (no boots)
Stlth    ++........             (no amulet)
HPRegen  0.14/turn              r - +3 ring of evasion
MPRegen  0.10/turn              (no ring)

@: lethally poisoned (-8 -> -17), very slightly contaminated
A: distributed training, fangs 1, strong nose
a: Potion Petition, Call Merchant, Bribe Branch, Renounce Religion


You were on level 5 of the Dungeon.
You worshipped Gozag.
Gozag was noncommittal.
You were not hungry.

You visited 1 branch of the dungeon, and saw 5 of its levels.

You collected 94 gold pieces.
You paid 7 gold pieces to Gozag.

Inventory:

Hand Weapons
 a - a +1 hand crossbow (weapon)
 b - a +0 short sword
 o - a +0 shortbow of freezing
 t - a +1 war axe of chopping
Missiles
 d - 32 bolts (quivered)
 q - 22 arrows
Armour
 c - a +0 leather armour
 n - a +0 ring mail (worn)
 p - a +0 shield
Jewellery
 r - a +3 ring of evasion (left hand)
Scrolls
 m - a scroll of identify
Potions
 e - 2 potions of flight {unknown}
 k - a potion of haste {unknown}
 l - 2 potions of heal wounds {unknown}
Comestibles
 f - 3 rations


   Skills:
 + Level 4.8 Fighting
 + Level 1.4 Short Blades
 + Level 1.4 Long Blades
 + Level 1.4 Axes
 + Level 1.4 Maces & Flails
 + Level 1.4 Polearms
 + Level 1.4 Staves
 + Level 1.4 Slings
 + Level 1.4 Bows
 + Level 8.6 Crossbows
 + Level 1.4 Throwing
 + Level 1.4 Armour
 + Level 4.8 Dodging
 + Level 2.7 Stealth
 + Level 1.4 Shields
 + Level 1.4 Unarmed Combat
 + Level 1.4 Spellcasting
 + Level 1.1 Conjurations
 + Level 1.1 Hexes
 + Level 1.1 Charms
 + Level 1.1 Summonings
 + Level 1.1 Necromancy
 + Level 1.1 Translocations
 + Level 1.1 Transmutations
 + Level 1.1 Fire Magic
 + Level 1.1 Ice Magic
 + Level 1.1 Air Magic
 + Level 1.1 Earth Magic
 + Level 1.1 Poison Magic
 + Level 1.6 Invocations
 + Level 1.4 Evocations


You had 6 spell levels left.
You didn't know any spells.

Dungeon Overview and Level Annotations

Branches:
Dungeon (6/15)
 Temple: D:4-7

Altars:
Ashenzari
Gozag
Yredelemnul


Innate Abilities, Weirdness & Mutations

Your experience applies equally to all skills.
You have very sharp teeth.
Your uncanny sense of smell can sniff out nearby items.


Message History

The centaur shouts!
The adder misses you.
The centaur wields a shortbow.
The centaur shoots an arrow.
The arrow closely misses you.
Found a scroll of remove curse.
You see here an arrow.
The centaur shoots an arrow.
The arrow barely misses you.
You feel sick.
The centaur shoots an arrow.
The arrow hits you.
The centaur shoots an arrow.
The arrow hits you!
* * * LOW HITPOINT WARNING * * *
The adder bites you.
* * * LOW HITPOINT WARNING * * *
You are more poisoned.
The adder poisons you!
Found a scroll labeled VUKLAGUIRUW.
You see here an arrow.
* * * LOW HITPOINT WARNING * * *
You feel sick.
The centaur shoots an arrow.
The arrow closely misses you.
The centaur shoots an arrow.
The arrow hits you!
You die...
Your body crumbles into a pile of gold.

.>.. . .... .. .....#
... # ... .# ..
<...#. #.##.##...?.
.?....##..#........∆
...........# #.....
#......@...##...... .
.......?S.....c... ..
.....###.............
.....#_#..O..####...
.....#+#(..(.Z...#∆
##### .#####Z....#
.....O..>...#
............# ∆
..).........#


You could see an ogre, a centaur, an adder, a hound zombie and a leopard gecko
skeleton.

Vanquished Creatures
  A centaur (D:2)
  2 adders (D:3)
  A worm (D:2)
  4 dart slugs
  3 leopard geckos
  4 orcs (D:3)
  3 giant cockroaches (D:1)
  5 goblins
  8 hobgoblins
  3 kobolds (D:1)
  5 bats
  A frilled lizard (D:1)
  6 rats
46 creatures vanquished.

Notes
Turn   | Place    | Note
-------+----------+-------------------------------------------
     0 | D:1      | wolfsongas the Gnoll Hunter began the quest for the Orb.
     0 | D:1      | Reached XP level 1. HP: 20/20 MP: 1/1
   108 | D:1      | Reached XP level 2. HP: 26/26 MP: 2/2
   517 | D:1      | Reached XP level 3. HP: 31/31 MP: 3/3
  1050 | D:2      | Found a basalt altar of Yredelemnul.
  1331 | D:2      | Reached skill level 1 in Invocations
  1532 | D:2      | Noticed a centaur
  1537 | D:2      | Killed a centaur
  1537 | D:2      | Reached skill level 1 in Short Blades
  1537 | D:2      | Reached skill level 1 in Long Blades
  1537 | D:2      | Reached skill level 1 in Axes
  1537 | D:2      | Reached skill level 1 in Maces & Flails
  1537 | D:2      | Reached skill level 1 in Polearms
  1537 | D:2      | Reached skill level 1 in Staves
  1537 | D:2      | Reached skill level 1 in Slings
  1537 | D:2      | Reached skill level 1 in Bows
  1537 | D:2      | Reached skill level 1 in Throwing
  1537 | D:2      | Reached skill level 1 in Armour
  1537 | D:2      | Reached skill level 1 in Shields
  1537 | D:2      | Reached skill level 1 in Unarmed Combat
  1537 | D:2      | Reached skill level 1 in Spellcasting
  1537 | D:2      | Reached skill level 1 in Conjurations
  1537 | D:2      | Reached skill level 1 in Hexes
  1537 | D:2      | Reached skill level 1 in Charms
  1537 | D:2      | Reached skill level 1 in Summonings
  1537 | D:2      | Reached skill level 1 in Necromancy
  1537 | D:2      | Reached skill level 1 in Translocations
  1537 | D:2      | Reached skill level 1 in Transmutations
  1537 | D:2      | Reached skill level 1 in Fire Magic
  1537 | D:2      | Reached skill level 1 in Ice Magic
  1537 | D:2      | Reached skill level 1 in Air Magic
  1537 | D:2      | Reached skill level 1 in Earth Magic
  1537 | D:2      | Reached skill level 1 in Poison Magic
  1537 | D:2      | Reached skill level 1 in Evocations
  1537 | D:2      | Reached XP level 4. HP: 13/38 MP: 5/5
  1537 | D:2      | Reached XP level 5. HP: 15/43 MP: 6/6
  1818 | D:2      | Found an opulent altar of Gozag.
  1988 | D:2      | Became a worshipper of Gozag Ym Sagoz the Greedy
  2315 | D:3      | You fall through a shaft for 3 floors!
  2341 | D:5      | Entered Level 5 of the Dungeon
  2341 | D:5      | Noticed an ogre
  2342 | D:5      | Found a shattered altar of Ashenzari.
  2343 | D:5      | Noticed a centaur
  2347 | D:5      | Shot with an arrow by a centaur

Vault maps used:
D:1:      roderic_crop_circles_arrival_small
D:2:      grunt_gozag_breadcrumbs, yredelemnul_altar_generic, serial_forest,
          infiniplex_forest_zigzag_1, infiniplex_forest_clump_long,
          infiniplex_forest_lined_3, infiniplex_forest_clump_double,
          first_ration, kennysheep_boxes
D:3:      cheibriados_altar_1, hex_large, led_sif_book, uniq_jessica
D:5:      ashenzari_conservatory_becter, nicolae_ru_awakened_eye,
          minmay_temple_entry_trees, uniq_edmund
D:6:      nicolae_dithmenos_the_darkroom, tgw_xom, uniq_menkaure

Skill      XL: |  1  2  3 |
---------------+----------+-----
Invocations    | 1 |  1.6
Short Blades   | 1 |  1.4
Long Blades    | 1 |  1.4
Axes           | 1 |  1.4
Maces & Flails | 1 |  1.4
Polearms       | 1 |  1.4
Staves         | 1 |  1.4
Slings         | 1 |  1.4
Bows           | 1 |  1.4
Throwing       | 1 |  1.4
Armour         | 1 |  1.4
Shields        | 1 |  1.4
Unarmed Combat | 1 |  1.4
Spellcasting   | 1 |  1.4
Conjurations   | 1 |  1.1
Hexes          | 1 |  1.1
Charms         | 1 |  1.1
Summonings     | 1 |  1.1
Necromancy     | 1 |  1.1
Translocations | 1 |  1.1
Transmutations | 1 |  1.1
Fire Magic     | 1 |  1.1
Ice Magic      | 1 |  1.1
Air Magic      | 1 |  1.1
Earth Magic    | 1 |  1.1
Poison Magic   | 1 |  1.1
Evocations     | 1 |  1.4
Fighting       | |  4.8
Crossbows      | |  8.6
Dodging        | |  4.8
Stealth        | |  2.7

Action                   |  1- 3 |  4- 6 || total
-------------------------+-------+-------++-------
 Fire: Hand crossbow     |    52 |    31 ||    83
  Use: Scroll            |       |     8 ||     8
  Eat: Chunk             |     2 |     2 ||     4
Armor: Ring mail         |       |     4 ||     4
Dodge: Dodged            |     3 |    16 ||    19
Block: Shield            |     2 |     3 ||     5

Table legend:
 A = Spawn XP
 B = Non-spawn XP
 C = Spawn XP percentage of total XP
 D = Spawn monster count
 E = Non-spawn monster count
 F = Spawn count percentage of total count
 G = Total turns spent on level
                    A         B        C        D         E        F      G
               +---------+---------+-------+---------+---------+-------+---------
         Total |       0 |     230 |   0.0 |       0 |      46 |   0.0 |  2347
               +---------+---------+-------+---------+---------+-------+---------
           D:1 |       0 |      45 |   0.0 |       0 |      24 |   0.0 |  1050
           D:2 |       0 |     140 |   0.0 |       0 |      13 |   0.0 |  1049
           D:3 |       0 |      45 |   0.0 |       0 |       9 |   0.0 |   216
               +---------+---------+-------+---------+---------+-------+---------
